 Dungeon Crawl Stone Soup version 0.20.0-8-g6b59dc7 (webtiles) character file.

4989 ChaseSP the Cleaver (level 10, -1/87 HPs)
             Began as a Deep Dwarf Fighter on June 1, 2017.
             Was a Believer of Makhleb.
             Slain by an orc warrior
             ... wielding a +0 short sword
              (23 damage)
             ... on level 8 of the Dungeon.
             The game lasted 00:14:05 (6677 turns).

ChaseSP the Cleaver (Deep Dwarf Fighter)            Turns: 6677, Time: 00:14:06

Health: -1/87      AC: 13    Str: 20    XL:     10   Next: 29%
Magic:  4/4        EV: 10    Int:  9    God:    Makhleb [**....]
Gold:   376        SH:  9    Dex: 15    Spells: 9/9 levels left

rFire    . . .     SeeInvis +   a - +0 war axe
rCold    . . .     Gourm    .   c - +0 shield
rNeg     + . .     Faith    .   L - +2 scale mail {rPois}
rPois    +         Spirit   .   (no helmet)
rElec    .         Reflect  .   (no cloak)
rCorr    .         Harm     .   m - +2 pair of gloves
MR       +....                  (no boots)
Stlth    ..........             (no amulet)
Regen    0.0/turn               u - ring of see invisible
MPRegen  0.1/turn               s - ring of positive energy

@: non-regenerating
A: damage resistance, heal wounds, sense surroundings 2, no regeneration
a: Heal Wounds, Minor Destruction, Renounce Religion


You were on level 8 of the Dungeon.
You worshipped Makhleb.
Makhleb was pleased with you.
You were not hungry.

You visited 1 branch of the dungeon, and saw 8 of its levels.
You also visited: Sewer.

You collected 418 gold pieces.
You spent 42 gold pieces at shops.

Inventory:

Hand Weapons
 a - a +0 war axe (weapon)
 l - a +0 flail
Missiles
 k - 17 bolts
Armour
 c - a +0 shield (worn)
 m - a +2 pair of gloves (worn)
 K - a +0 plate armour
 L - a +2 scale mail of poison resistance (worn)
Jewellery
 s - a ring of positive energy (right hand)
 u - a ring of see invisible (left hand)
Wands
 d - a wand of polymorph (1/24)
 t - a wand of disintegration (9/24)
 w - a wand of enslavement (7/24)
 C - a wand of iceblast (0/15)
 D - a wand of flame (8/48)
 H - a wand of confusion (32/48)
 I - a wand of polymorph (13/24)
Scrolls
 b - 2 scrolls of recharging {unknown}
 n - a scroll of enchant weapon {unknown}
 r - a scroll of fear
 x - 2 scrolls of magic mapping {unknown}
 y - 3 scrolls of teleportation
 A - 5 scrolls of remove curse
 E - 2 scrolls of amnesia {unknown}
 J - a scroll of identify
Potions
 e - 4 potions of flight
 g - 2 potions of curing
 h - a potion of mutation
 i - a potion of brilliance
 o - a potion of cancellation {unknown}
 p - a potion of agility
 v - a potion of lignification
 G - a potion of haste {unknown}
Books
 z - a book of Battle

   Spells                             Type                      Level
   a - Infusion                       Charms                       1
   b - Shroud of Golubria             Charms/Translocation         2
   c - Song of Slaying                Charms                       2
   d - Spectral Weapon                Hexes/Charms                 3
   e - Regeneration                   Charms/Necromancy            3
Comestibles
 f - 7 bread rations
 j - 6 meat rations
 q - 5 royal jellies
 F - 11 chunks of flesh


   Skills:
 + Level 4.6 Fighting
 * Level 13.2 Axes
 + Level 7.3 Armour
 + Level 5.2 Dodging
 - Level 3.2 Shields


You had 9 spell levels left.
You didn't know any spells.

Dungeon Overview and Level Annotations

Branches:
Dungeon (8/15)             Temple (0/1) D:7
   Lair: D:8-11

Altars:
Ashenzari
Hepliaklqana
Makhleb
Nemelex Xobeh
Okawaru
Qazlal
Sif Muna
Trog
Zin

Shops:
D:5 *   D:7 *

Annotations:
D:6 Prince Ribbit


Innate Abilities, Weirdness & Mutations

You are resistant to damage.
You can heal yourself by infusing magical energy.
You passively map the area around you.
You do not regenerate.


Message History

The orc warrior is heavily wounded.
The orc warrior drinks a potion.
The orc warrior goes berserk!
You hit the orc warrior.
The orc warrior is heavily wounded.
You block the orc warrior's attack. x2
You closely miss the orc warrior.
The orc warrior is heavily wounded.
The orc warrior hits you with a short sword.
You hit the orc warrior.
The orc warrior is severely wounded.
The orc warrior hits you with a short sword.
You block the orc warrior's attack.
You hit the orc warrior.
The orc warrior is severely wounded.
The orc warrior hits you with a short sword!!
* * * LOW HITPOINT WARNING * * *
You hit the orc warrior.
The orc warrior is almost dead.
The orc warrior hits you with a short sword!!
You die...

###.##########............#
, #)# ####.######### ,
###.# #...........
###...### #.##.#######
........# # #....# * *
###.###.# ##.#.# , * #.#
#.# ###########.# #.# #.#
#_.....#<...# * #.###.#
#....o@'..### #.....#
#_.....#.## #######
##########


You could see an orc warrior (berserk).

Vanquished Creatures
  The ghost of uglyjohn the Cruncher, a novice MiGl of Okawaru (D:7)
  Pikel (D:6)
  The ghost of yahden the Slasher, an amateur HuBe of Trog (D:3)
  Grinder (D:6)
  Sigmund (D:5)
  A yak (D:7)
  3 hogs (D:7)
  A human (D:7)
  2 orc warriors
  2 ice beasts (D:7)
  A slave (D:6)
  3 sky beasts
  A necrophage (D:5)
  An ogre (D:7)
  2 phantoms (D:6)
  2 big kobolds
  A bullfrog (D:6)
  A wyvern zombie (D:6)
  4 howler monkeys
  A quasit (D:8)
  2 hounds (D:6)
  3 jellies
  5 orc wizards
  8 orc priests
  An iguana (D:5)
  2 bullfrog skeletons
  Ijyb (D:3)
  Terence (D:1)
  5 worker ants
  A killer bee zombie (D:5)
  A hound zombie (D:6)
  3 hound skeletons (D:5)
  A howler monkey zombie (D:5)
  12 adders
  15 gnolls
  2 river rats
  2 shadow imps
  2 oozes (D:3)
  6 worms
  3 dart slugs
  10 leopard geckos
  26 orcs
  8 bats (D:1)
  7 giant cockroaches
  8 goblins
  6 hobgoblins
  9 jackals
  11 kobolds
  4 quokkas
  4 ball pythons
  2 frilled lizards
  A jackal skeleton (D:8)
  15 rats
218 creatures vanquished.

Vanquished Creatures (others)
  2 slaves (D:6)
2 creatures vanquished.

Grand Total: 220 creatures vanquished

Notes
Turn   | Place    | Note
-------+----------+-------------------------------------------
     0 | D:1      | ChaseSP the Deep Dwarf Fighter began the quest for the Orb.
     0 | D:1      | Reached XP level 1. HP: 20/20 MP: 1/1
   140 | D:1      | Reached skill level 3 in Axes
   141 | D:1      | Reached XP level 2. HP: 25/27 MP: 2/2
   622 | D:1      | Reached XP level 3. HP: 31/33 MP: 3/3
   656 | D:2      | Noticed Terence
   657 | D:2      | Reached skill level 4 in Axes
   670 | D:1      | Killed Terence
   670 | D:1      | Reached XP level 4. HP: 24/40 MP: 4/4
   671 | D:1      | Reached skill level 5 in Axes
   770 | D:2      | Reached XP level 5. HP: 46/46 MP: 3/3
  1058 | D:2      | Reached skill level 6 in Axes
  1845 | D:3      | Noticed Ijyb
  1853 | D:3      | Killed Ijyb
  1853 | D:3      | Reached skill level 1 in Dodging
  1883 | D:3      | Noticed yahden's ghost (amateur HuBe)
  1897 | D:3      | Killed yahden's ghost
  1897 | D:3      | Reached skill level 7 in Axes
  1897 | D:3      | Reached XP level 6. HP: 52/55 MP: 3/3
  1959 | D:3      | Found a sparkling altar of Nemelex Xobeh.
  1986 | D:3      | Found a glowing drain.
  2005 | Sewer    | Entered a sewer
  2082 | Sewer    | Reached XP level 7. HP: 58/61 MP: 4/4
  2096 | Sewer    | Found a white marble altar of Elyvilon.
  2312 | D:3      | Reached skill level 8 in Axes
  3159 | D:4      | Found a shattered altar of Ashenzari.
  3521 | D:5      | Entered Level 5 of the Dungeon
  3522 | D:5      | Noticed Sigmund
  3604 | D:5      | Reached skill level 9 in Axes
  3745 | D:5      | Found Goonaame's General Store.
  3859 | D:5      | Found a stormy altar of Qazlal.
  3924 | D:5      | Killed Sigmund
  3924 | D:5      | Reached XP level 8. HP: 46/68 MP: 4/4
  4016 | D:5      | Found a hazy altar of Hepliaklqana.
  4025 | D:5      | Reached skill level 5 in Dodging
  4080 | D:5      | Reached skill level 10 in Axes
  4271 | D:6      | Noticed Grinder
  4277 | D:6      | Paralysed by Grinder for 6 turns
  4287 | D:6      | Paralysed by Grinder for 7 turns
  4297 | D:6      | Killed Grinder
  4299 | D:6      | Reached skill level 11 in Axes
  4314 | D:6      | Found a burning altar of Makhleb.
  4318 | D:6      | Found a glowing silver altar of Zin.
  4319 | D:6      | Noticed an Executioner
  4319 | D:6      | Noticed an angel
  4323 | D:6      | Became a worshipper of Makhleb the Destroyer
  4387 | D:6      | Noticed Pikel
  4410 | D:6      | Killed Pikel
  4410 | D:6      | Reached skill level 5 in Armour
  4410 | D:6      | Gained mutation: You passively map the area around you. [Deep Dwarf growth]
  4410 | D:6      | Reached XP level 9. HP: 43/74 MP: 5/5
  4880 | D:6      | Noticed Prince Ribbit
  5015 | D:6      | Reached * piety under Makhleb
  5071 | D:6      | Reached skill level 12 in Axes
  5319 | D:7      | Found a staircase to the Ecumenical Temple.
  5406 | D:7      | Noticed uglyjohn's ghost (novice MiGl)
  5445 | D:7      | Killed uglyjohn's ghost
  5553 | D:7      | Reached XP level 10. HP: 27/86 MP: 5/5
  5662 | D:7      | Found Zuosm's General Store.
  5665 | D:7      | Bought a potion of curing for 42 gold pieces
  5743 | D:7      | Reached skill level 13 in Axes
  6075 | D:7      | Found a deep blue altar of Sif Muna.
  6612 | D:8      | Reached ** piety under Makhleb
  6665 | D:8      | Found a bloodstained altar of Trog.
  6666 | D:8      | Found an iron altar of Okawaru.
  6677 | D:8      | Slain by an orc warrior

Skill      XL: |  1  2  3  4  5  6  7  8  9 10 |
---------------+-------------------------------+-----
Axes           | 3 4 5 7 9 11 12 13 | 13.2
Dodging        | 2 3 4 5 |  5.2
Armour         | 5 6 7 |  7.3
Fighting       | 4 |  4.6
Shields        | |  3.2

Action                   |  1- 3 |  4- 6 |  7- 9 | 10-12 || total
-------------------------+-------+-------+-------+-------++-------
Melee: War axe           |    82 |   151 |   480 |   111 ||   824
 Abil: Heal Wounds       |       |     4 |     7 |     1 ||    12
Evoke: Wand              |       |       |     2 |       ||     2
  Use: Scroll            |     1 |     6 |     4 |     1 ||    12
       Potion            |     1 |     1 |     7 |       ||     9
  Eat: Chunk             |       |     4 |    12 |     4 ||    20
Armor: Scale mail        |    47 |    52 |    88 |     2 ||   189
       Skin              |       |     7 |       |       ||     7
       Chain mail        |       |       |   117 |    26 ||   143
       Plate armour      |       |       |       |     6 ||     6
Dodge: Dodged            |    30 |    39 |   116 |    17 ||   202
Block: Shield            |    48 |    59 |   201 |    36 ||   344
